 Dungeon Crawl Stone Soup version 0.26-a0-812-g31a745ddcd (webtiles) character file.

Game seed: 15277122800551969285

669 kae the Insei (level 7, 0/40 HPs)
             Began as a Tengu Transmuter on Nov 23, 2020.
             Succumbed to a worker ant's poison
             ... on level 5 of the Dungeon.
             The game lasted 00:04:34 (6978 turns).

kae the Insei (Tengu Transmuter)                    Turns: 6978, Time: 00:04:34

Health: 0/40       AC:  4    Str:  9 (12) XL:     7   Next: 58%
Magic:  12/12      EV: 16    Int: 11 (13) God:
Gold:   164        SH:  0    Dex: 12 (15) Spells: 8/12 levels left

rFire    . . .     SeeInvis .   g - +0 spear
rCold    . . .     Faith    .   (no shield)
rNeg     . . .     Spirit   .   f - +2 robe
rPois    .         Reflect  .   (helmet restricted)
rElec    .         Harm     .   (no cloak)
rCorr    .         Rampage  .   (no gloves)
MR       .....                  (boots unavailable)
Stlth    +.........             (no amulet)
HPRegen  0.13/turn              (no ring)
MPRegen  0.13/turn              (no ring)

@: mighty, lethally poisoned (0 -> -1), berserk cooldown, flying quickly and
evasively, slowed, studying Stealth, very slow
A: beak, talons 3, able to fly
a: Stop Flying


You were on level 5 of the Dungeon.
You visited 1 branch of the dungeon, and saw 5 of its levels.

You collected 164 gold pieces.

Inventory:

Hand Weapons
 g - a +0 spear (weapon)
Armour
 a - a +0 robe
 f - a +2 robe (worn)
Jewellery
 d - an uncursed amulet of faith {unknown}
 n - an uncursed ring of magical power {unknown}
 r - an uncursed ring of protection from magic {unknown}
 s - an uncursed ring of see invisible {unknown}
 t - an uncursed ring of wizardry {unknown}
Wands
 p - a wand of iceblast (9)
Scrolls
 b - 9 scrolls of identify {unknown}
 e - 2 scrolls of remove curse {unknown}
 i - 2 scrolls of teleportation {unknown}
 j - a scroll of enchant armour {unknown}
 k - 2 scrolls of blinking {unknown}
 l - a scroll of amnesia {unknown}
 m - 2 scrolls of fear {unknown}
Potions
 h - a potion of brilliance
Books
 q - a manual of Stealth


   Skills:
 + Level 2.8 Fighting
 + Level 2.5 Armour
 + Level 3.6 Dodging
 * Level 5.4 Unarmed Combat
 + Level 3.1 Spellcasting
 + Level 2.7 Transmutations
 - Level 3.0 Poison Magic


You had 8 spell levels left.
You knew the following spells:

 Your Spells              Type           Power        Failure   Level
a - Beastly Appendage     Tmut           #.....       9%          1
b - Spider Form           Tmut/Pois      #.........   24%         3

Your spell library contained the following spells:

 Spells                   Type           Power        Failure   Level
 Wereblood                Tmut           #.......     13%         2
 Magic Dart               Conj           #...         26%         1
 Blink                    Tloc           N/A          36%         2
 Call Imp                 Summ           #.......     36%         2
 Slow                     Hex            #.......     36%         2
 Mephitic Cloud           Conj/Pois/Air  #.......     45%         3
 Conjure Flame            Conj/Fire      #.......     61%         3
 Ice Form                 Ice/Tmut       #.......     83%         4
 Blade Hands              Tmut           #.........   94%         5


Dungeon Overview and Level Annotations

Branches:
Dungeon (5/15)
 Temple: D:4-7

Altars:
Gozag
Hepliaklqana
Nemelex Xobeh
Trog
Uskayaw
Vehumet
The Shining One


Innate Abilities, Weirdness & Mutations

You have a beak for a mouth.
You have claws for feet.
You can fly continuously.


Message History

There was something very wrong with that liquid.
You feel weakened.
You feel dopey.
You feel clumsy.
* * * LOW HITPOINT WARNING * * *
You feel sick.
There is a lethal amount of poison in your body!
There is a lethal amount of poison in your body!
There is a lethal amount of poison in your body!
Okay, then.
* * * LOW HITPOINT WARNING * * *
You feel sick.
You reach down and open the door.
* * * LOW HITPOINT WARNING * * *
You feel sick.
There is an open door here.
* * * LOW HITPOINT WARNING * * *
You feel sick.
There is a lethal amount of poison in your body!
There is a lethal amount of poison in your body!
There is a lethal amount of poison in your body!
You die...

# #### #... #.## #.#. ######
##### #.#. ##....#
#...####.#. #.....#
#........#. ..
##...@.#####...####### ....
#.....>.##.....##..... ...
#.......##.....##.#### ..####
#.#####.##.....##.##..
#...####'#####.##.....##.##.#
#.....$.....##.##.#...##'##.#
#...........##.##.#.......#..
#=.(†........#.##.#.......###
#...########.#'##.#.........#


There were no monsters in sight!

Vanquished Creatures
  Sigmund (D:4)
  Blork the orc (D:4)
  A scorpion (D:4)
  2 howler monkeys (D:5)
  An iguana (D:5)
  Ijyb (D:5)
  3 worker ants
  3 gnolls
  7 adders
  5 worms
  3 dart slugs
  2 leopard geckos
  8 orcs
  5 giant cockroaches
  13 goblins
  8 hobgoblins
  4 jackals (D:2)
  3 quokkas
  A ball python (D:3)
  A ball python skeleton (D:4)
  5 bats
  3 frilled lizards (D:3)
  9 kobolds
  12 rats
102 creatures vanquished.

Vanquished Creatures (others)
  2 plants (D:4)
2 creatures vanquished.

Grand Total: 104 creatures vanquished

Notes
Turn   | Place    | Note
-------+----------+-------------------------------------------
     0 | D:1      | kae the Tengu Transmuter began the quest for the Orb.
     0 | D:1      | Reached XP level 1. HP: 12/12 MP: 4/4
   264 | D:1      | Reached XP level 2. HP: 2/16 MP: 6/6
  1342 | D:1      | Reached XP level 3. HP: 20/20 MP: 5/7
  1347 | D:1      | Learned a level 3 spell: Spider Form
  1678 | D:2      | Found an opulent altar of Gozag.
  1688 | D:2      | Found a glowing golden altar of the Shining One.
  2149 | D:2      | Found a hazy altar of Hepliaklqana.
  2201 | D:2      | Reached XP level 4. HP: 25/25 MP: 6/8
  2208 | D:2      | Reached skill level 1 in Poison Magic
  2518 | D:2      | Reached skill level 4 in Unarmed Combat
  2665 | D:2      | Reached skill level 1 in Armour
  3579 | D:3      | Gained mutation: You can fly continuously. [Tengu growth]
  3579 | D:3      | Reached XP level 5. HP: 17/29 MP: 7/9
  3616 | D:3      | Found a radiant altar of Vehumet.
  3828 | D:3      | Noticed a moth of wrath
  3831 | D:3      | Found a bloodstained altar of Trog.
  5188 | D:4      | Found a hide-covered altar of Uskayaw.
  5261 | D:4      | Reached XP level 6. HP: 22/35 MP: 10/10
  5474 | D:4      | Found a sparkling altar of Nemelex Xobeh.
  5505 | D:4      | Noticed Sigmund
  5540 | D:4      | Killed Sigmund
  6135 | D:4      | Reached skill level 5 in Unarmed Combat
  6216 | D:4      | Noticed Blork the orc
  6224 | D:4      | Killed Blork the orc
  6224 | D:4      | Reached XP level 7. HP: 40/40 MP: 5/12
  6561 | D:5      | Entered Level 5 of the Dungeon
  6561 | D:5      | Noticed Ijyb
  6568 | D:5      | Killed Ijyb
  6970 | D:5      | HP: 2/40 [poisoned by a worker ant]
  6975 | D:5      | HP: 1/40 [poisoned by a worker ant]
  6978 | D:5      | Succumbed to a worker ant's poison

Illustrated notes

Levels and vault maps discovered:
D:1:      lemuel_arrival_funnel, layout_loops_corners
D:2:      layout_basic, lemuel_crystal_altar, nicolae_overflow_hidden_temple,
          lemuel_round_altar
D:3:      layout_loops_ring, vehumet_crystals, tgw_trog
D:4:      corexii_shack_village, layout_loops_ring,
          nemelex_xobeh_ov_fountains_minmay, eat_drink_and_be_merry_uskayaw,
          minmay_manual_mess, uniq_blork_the_orc, uniq_sigmund
D:5:      layout_basic, kennysheep_little_box,
          minmay_temple_entry_statues_pillars, uniq_ijyb

Skill      XL: |  1  2  3  4  5  6  7 |
---------------+----------------------+-----
Transmutations | 2 |  2.7
Poison Magic   | 1 2 3 |  3.0
Unarmed Combat | 4 5 |  5.4
Armour         | 1 2 |  2.5
Fighting       | 2 |  2.8
Dodging        | 3 |  3.6
Spellcasting   | 3 |  3.1

Action                   |  1- 3 |  4- 6 |  7- 9 || total
-------------------------+-------+-------+-------++-------
Melee: Unarmed           |    36 |    17 |    19 ||    72
       Kick              |    10 |    49 |     8 ||    67
       Peck              |     8 |    24 |     2 ||    34
       Spear             |    45 |   235 |    25 ||   305
       Headbutt          |     7 |    12 |     3 ||    22
       Punch             |       |     8 |     2 ||    10
 Cast: Beastly Appendage |    25 |    26 |     3 ||    54
       Spider Form       |       |     5 |     3 ||     8
 Abil: Fly               |       |     1 |       ||     1
  Use: Potion            |       |     5 |     3 ||     8
 Stab: Sleeping          |     1 |     3 |     1 ||     5
Armor: Robe              |    25 |    15 |     3 ||    43
Dodge: Dodged            |    54 |   147 |    26 ||   227

Table legend: (Time is in decaauts)
 A = Elapsed time spent in this place.
 B = Non-inter-level travel time spent in this place.
 C = Inter-level travel time spent in this place.
 D = Time resting spent in this place.
 E = Time spent auto-exploring this place.
 F = Levels seen in this place.
 G = Mean time per level.
                   A        B        C        D        E       F      G
               +--------+--------+--------+--------+--------+-----+--------+
         Total |   6865 |   6750 |    115 |    336 |   5540 |   5 | 1373.0 |
       Dungeon |   6865 |   6750 |    115 |    336 |   5540 |   5 | 1373.0 |
               +--------+--------+--------+--------+--------+-----+--------+

Top non-repeatable levels by time:
     D:1: 1667 daAuts
     D:4: 1614 daAuts
     D:2: 1595 daAuts
     D:3: 1587 daAuts
     D:5: 400 daAuts
